 Dungeon Crawl Stone Soup version 0.30-a0-1016-gfb0d676c02 (webtiles) character file.

Game seed: 14484255308976543589

3366 Newt the Skirmisher (level 10, -7/59 HPs)
             Began as a Kobold Hunter on Apr 6, 2023.
             Mangled by a troll (12 damage)
             ... on level 8 of the Dungeon.
             The game lasted 00:10:09 (9588 turns).

Newt the Skirmisher (Kobold Hunter)                 Turns: 9588, Time: 00:10:10

Health: -7/59      AC:  6    Str:  9    XL:     10   Next: 23%
Magic:  17/17      EV: 17    Int: 17    God:
Gold:   403        SH:  0    Dex: 20    Spells: 17/19 levels left

rFire   + . .      SeeInvis .    a - +1 shortbow
rCold   . . .      Faith    .    (shield currently unavailable)
rNeg    . . .      Spirit   .    D - +0 leather armour of Ykkesis {rF+ Regen+ Int+7 Dex-3}
rPois   .          Reflect  .    (no helmet)
rElec   .          Rampage  .    (no cloak)
rCorr   .                        k - +1 pair of gloves
Will    .....                    m - +0 pair of boots
Stlth   +++                      G - amulet of regeneration
HPRegen 1.89/turn                (no ring)
MPRegen 0.15/turn                (no ring)

@: no status effects
A: small, no large weapons, nightstalker 3
a: no special abilities


You were on level 8 of the Dungeon.
You visited 2 branches of the dungeon, and saw 9 of its levels.
You also visited: Sewer and Ossuary.

You collected 711 gold pieces.
You spent 308 gold pieces at shops.

Inventory:

Hand Weapons
 a - a +1 shortbow (weapon)
Missiles
 u - 7 boomerangs
 v - 2 throwing nets
Armour
 c - a +0 leather armour
 j - a +2 ring mail of poison resistance
 k - a +1 pair of gloves (worn)
 m - a +0 pair of boots (worn)
 r - the +1 robe of the Northern Lights {rC+ rCorr}
   (You found it on level 2 of the Dungeon)

   rC:        It protects you from cold.
   rCorr:     It protects you from acid and corrosion.
 D - the +0 leather armour of Ykkesis (worn) {rF+ Regen+ Int+7 Dex-3}
   (You found it on level 6 of the Dungeon)

   Int:       It affects your intelligence (+7).
   Dex:       It affects your dexterity (-3).
   rF:        It protects you from fire.
   Regen:     It increases your rate of health regeneration.
Jewellery
 G - an amulet of regeneration (around neck)
Wands
 n - a wand of paralysis (18)
 x - a wand of iceblast (9)
Scrolls
 b - a scroll of immolation
 d - 2 scrolls of teleportation
 q - 3 scrolls of enchant armour
 t - 4 scrolls of amnesia
 w - 4 scrolls of blinking
 y - 4 scrolls of fog
 F - a scroll of poison
 H - a scroll of torment
 J - a scroll of fear
Potions
 e - 3 potions of haste
 f - 5 potions of lignification
 g - 6 potions of resistance
 h - 2 potions of ambrosia
 i - 2 potions of flight
 l - 2 potions of brilliance
 o - 2 potions of curing
 p - 3 potions of degeneration
 s - 2 potions of heal wounds
 z - a potion of attraction
 A - 2 potions of magic
 B - 2 potions of invisibility
 C - 2 potions of mutation
 E - 2 potions of might


   Skills:
 + Level 5.2 Fighting
 - Level 12.1 Ranged Weapons
 - Level 6.0 Dodging
 - Level 1.3 Stealth
 - Level 5.0 Spellcasting
 - Level 5.0 Transmutations
 - Level 6.0 Evocations


You had 17 spell levels left.
You knew the following spells:

 Your Spells              Type           Power      Damage    Failure   Level
a - Wereblood             Tmut           21%        N/A       3%          2

Your spell library contained the following spells:

 Spells                   Type           Power      Damage    Failure   Level
 Shock                    Conj/Air       16%        1d4       21%         1
 Blink                    Tloc           8%         N/A       30%         2
 Lesser Beckoning         Tloc           8%         N/A       30%         2
 Momentum Strike          Conj/Tloc      8%         3d8       30%         2
 Sublimation of Blood     Necr           4%         N/A       30%         2
 Swiftness                Air            4%         N/A       52%         3
 Tukima's Dance           Hex            4%         N/A       52%         3
 Airstrike                Air            2%         2d(1-17)  89%         4
 Passage of Golubria      Tloc           4%         N/A       89%         4
 Yara's Violent Unravell  Hex/Tmut       6%         3d5       89%         5
 Summon Hydra             Summ           2%         N/A       100%        7


Dungeon Overview and Level Annotations

Branches:
Dungeon (8/15)             Temple (1/1) D:7           Sewer (visited)
Ossuary (visited)
   Lair: D:8-11

Altars:
Ashenzari
Dithmenos
Elyvilon
Fedhas
Gozag
Hepliaklqana
Kikubaaqudgha
Makhleb
Nemelex Xobeh
Okawaru
Qazlal
Ru
Sif Muna
Trog
Uskayaw
Vehumet
Wu Jian
Xom
Yredelemnul
Zin
The Shining One

Shops:
D:5 :


Innate Abilities, Weirdness & Mutations

You are small and have problems with some larger weapons.
You are completely attuned to the shadows.


Message History

You are too injured to fight recklessly!
You are too injured to fight recklessly!
You are too injured to fight recklessly!
You are too injured to fight recklessly!
You are too injured to fight recklessly!
You are too injured to fight recklessly!
You are too injured to fight recklessly!
You are too injured to fight recklessly!
You are too injured to fight recklessly!
You are too injured to fight recklessly!
You are too injured to fight recklessly!
You are too injured to fight recklessly!
You are too injured to fight recklessly!
Unknown command.
You shoot an arrow. The arrow hits the troll!
The troll is almost dead.
The troll barely misses you. The troll claws you!
* * * LOW HITPOINT WARNING * * *
The troll closely misses you.
Unknown command.
Unknown command.
You shoot an arrow. The arrow hits the troll.
The troll is almost dead.
The troll barely misses you. The troll claws you but does no damage.
The troll claws you.
* * * LOW HITPOINT WARNING * * *
Unknown command.
You feel better. The troll barely misses you. The troll misses you.
The troll barely misses you.
Unknown command.
You shoot an arrow. The arrow hits the troll.
The troll is almost dead.
The troll misses you. The troll closely misses you. The troll claws you!
* * * LOW HITPOINT WARNING * * *
Unknown command.
You shoot an arrow. The arrow barely misses the troll.
The troll misses you. The troll claws you!
* * * LOW HITPOINT WARNING * * *
The troll claws you!
You die...

#.#.#.#.##.# ..
#........#.# ...
#.....####.##...
#........)))'..#
#.....#####.'..#
#.....# #..#...
#####.# #.##...
#.####.# ..
#.#.T@.#
#.#.#### #.#.
#.#. #.#. #.#
#.#
##############
#.#
#.............
#.#
#.############


You could see a troll.

Vanquished Creatures
  Sigmund (D:5)
  A steam dragon (D:7)
  2 water moccasins
  3 black bears
  An ice beast (D:6)
  An ogre (D:5)
  A kobold brigand (D:6)
  4 bullfrogs
  4 scorpions
  9 killer bees (D:8)
  A howler monkey (D:7)
  5 jellies
  6 hounds
  3 orc priests
  A gnoll bouda (D:6)
  3 sleepcaps
  Ijyb (D:5)
  6 iguanas
  6 orc wizards
  8 mummies (Ossuary)
  11 gnolls
  10 adders
  3 river rats (D:4)
  2 shadow imps
  A white imp (D:6)
  6 ufetubi
  4 worms
  2 dart slugs
  20 orcs
  6 endoplasms
  12 giant cockroaches
  6 goblins
  5 hobgoblins
  9 kobolds
  10 quokkas
  7 ball pythons
  4 bats
  15 frilled lizards
  2 hobgoblin zombies (Ossuary)
  3 kobold zombies (Ossuary)
  3 orc zombies (Ossuary)
  6 rats
214 creatures vanquished.

Vanquished Creatures (others)
  An orc wizard (D:8)
1 creature vanquished.

Grand Total: 215 creatures vanquished

Notes
Turn   | Place    | Note
-------+----------+-------------------------------------------
     0 | D:1      | Newt the Kobold Hunter began the quest for the Orb.
     0 | D:1      | Reached XP level 1. HP: 12/12 MP: 1/1
   155 | D:1      | Reached XP level 2. HP: 18/18 MP: 2/2
   813 | D:1      | Reached XP level 3. HP: 23/23 MP: 3/3
  1484 | D:2      | Reached XP level 4. HP: 28/30 MP: 4/4
  1798 | D:2      | Identified the +1 robe of the Northern Lights {rC+ rCorr}
  1979 | D:3      | Found a shadowy altar of Dithmenos.
  2137 | D:3      | Reached skill level 5 in Fighting
  2418 | D:3      | Reached XP level 5. HP: 35/35 MP: 5/5
  2465 | D:3      | Reached skill level 6 in Ranged Weapons
  3150 | D:4      | Reached skill level 7 in Ranged Weapons
  3150 | D:4      | Reached XP level 6. HP: 13/40 MP: 6/6
  3336 | D:4      | Reached skill level 8 in Ranged Weapons
  3364 | D:4      | Found a glowing drain.
  3370 | Sewer    | Entered a sewer
  3777 | Sewer    | Reached XP level 7. HP: 28/44 MP: 7/7
  3783 | Sewer    | Reached skill level 9 in Ranged Weapons
  4589 | D:4      | Found a faded altar of an unknown god.
  4598 | D:4      | Found a hazy altar of Hepliaklqana.
  4604 | D:4      | Found a faded altar of an unknown god.
  4766 | D:5      | Entered Level 5 of the Dungeon
  4771 | D:4      | Reached skill level 10 in Ranged Weapons
  4967 | D:5      | Reached XP level 8. HP: 8/49 MP: 8/8
  5091 | D:5      | Reached skill level 5 in Dodging
  5174 | D:5      | Found a sand-covered staircase.
  5180 | Ossuary  | Entered an ossuary
  5771 | D:5      | Noticed Sigmund
  5775 | D:5      | Killed Sigmund
  5776 | D:5      | Reached skill level 11 in Ranged Weapons
  6054 | D:5      | Noticed Ijyb
  6066 | D:5      | Killed Ijyb
  6193 | D:5      | Reached skill level 12 in Ranged Weapons
  6193 | D:5      | Reached XP level 9. HP: 35/54 MP: 9/9
  6473 | D:5      | Found a bloodstained altar of Trog.
  6524 | D:5      | Found Sieg's Book Shoppe.
  6559 | D:5      | Bought a book of Blood for 308 gold pieces
  6666 | D:6      | Reached skill level 1 in Spellcasting
  6666 | D:6      | Reached skill level 1 in Transmutations
  6673 | D:6      | Identified the +0 leather armour of Ykkesis {rF+ Regen+
                  | Int+7 Dex-3}
  6974 | D:6      | Found a stormy altar of Qazlal.
  7772 | D:7      | Found a glowing golden altar of the Shining One.
  8038 | D:7      | Found a staircase to the Ecumenical Temple.
  8044 | Temple   | Entered the Ecumenical Temple
  8858 | D:7      | Reached skill level 5 in Spellcasting
  8858 | D:7      | Reached skill level 5 in Transmutations
  8861 | D:7      | Learned a level 2 spell: Wereblood
  8984 | D:7      | Reached skill level 1 in Evocations
  9301 | D:8      | Reached XP level 10. HP: 42/59 MP: 15/17
  9319 | D:8      | Reached skill level 5 in Evocations
  9588 | D:8      | Mangled by a troll

Illustrated notes

Levels and vault maps discovered:
D:1:      dpeg_arrival_rooms_with_view, layout_loops_corners
D:2:      layout_loops_ring, minmay_quantized
D:3:      layout_loops_ring, nicolae_dithmenos_through_a_glass_darkly,
          amcnicky_mini_pool_small, kennysheep_doodads
D:4:      minmay_general_purpose_star, layout_rooms,
          nicolae_hepliaklqana_ecumenical_no_more, lightli_sewer_entry_pipes
D:5:      layout_loops_ring, mainiacjoe_overflow_surrounded_room, serial_shops,
          nicolae_inconvenience_store, nicolae_ossuary_entry_monument,
          uniq_ijyb, uniq_sigmund
D:6:      layout_basic, kennysheep_mini_moat
D:7:      layout_basic, lemuel_coloured_pillars_altar, temple_fountains
D:8:      layout_basic, kennysheep_cross_room
Temple:   nicolae_temple_slightly_damp_pantheon

Skill      XL: |  1  2  3  4  5  6  7  8  9 10 |
---------------+-------------------------------+-----
Fighting       | 3 4 5 |  5.2
Ranged Weapons | 7 8 10 12 | 12.1
Dodging        | 4 6 |  6.0
Spellcasting   | 5 |  5.0
Transmutations | 5 |  5.0
Evocations     | 2 6 |  6.0
Stealth        | |  1.3

Action                     |  1- 3 |  4- 6 |  7- 9 | 10-12 || total
---------------------------+-------+-------+-------+-------++-------
  Melee: Shortbow          |       |     1 |       |       ||     1
   Fire: Shortbow          |    69 |   177 |   405 |    60 ||   711
   Cast: Wereblood         |       |       |     1 |       ||     1
  Evoke: Wand              |       |       |     2 |       ||     2
    Use: Scroll            |     5 |     4 |     9 |     2 ||    20
         Potion            |       |       |     3 |     1 ||     4
 Armour: Leather armour    |    10 |    38 |    82 |    16 ||   146
  Dodge: Dodged            |    27 |    70 |   216 |    38 ||   351

Table legend: (Time is in decaauts)
 A = Elapsed time spent in this place.
 B = Non-inter-level travel time spent in this place.
 C = Inter-level travel time spent in this place.
 D = Time resting spent in this place.
 E = Time spent auto-exploring this place.
 F = Levels seen in this place.
 G = Mean time per level.
                   A        B        C        D        E       F      G
               +--------+--------+--------+--------+--------+-----+--------+
         Total |   9801 |   9531 |    270 |   1533 |   6524 |  11 |  891.0 |
       Dungeon |   7991 |   7732 |    259 |   1117 |   5362 |   8 |  998.9 |
        Temple |    420 |    410 |     10 |      0 |    393 |   1 |  420.0 |
         Sewer |    909 |    909 |      0 |    206 |    593 |   1 |  909.0 |
       Ossuary |    480 |    480 |      0 |    210 |    176 |   1 |  480.0 |
               +--------+--------+--------+--------+--------+-----+--------+

Top non-repeatable levels by time:
     D:5: 1332 daAuts
     D:1: 1245 daAuts
     D:3: 1232 daAuts
     D:7: 1161 daAuts
     D:6: 990 daAuts
     D:4: 961 daAuts
   Sewer: 909 daAuts
     D:2: 673 daAuts
 Ossuary: 480 daAuts
  Temple: 420 daAuts
     D:8: 394 daAuts
